 Dungeon Crawl Stone Soup version 0.31-a0-1074-g0b22e4e0f1 (webtiles) character file.

Game seed: 3981333199411144384

336 DApurpleWHUMPUS the Conjurer (level 6, -7/39 (44) HPs)
             Began as a Human Conjurer on Nov 26, 2023.
             Was a Believer of Fedhas.
             Mangled by a wight
             ... wielding a +5 long sword
              (17 damage)
             ... on level 3 of the Dungeon.
             The game lasted 00:11:43 (3468 turns).

DApurpleWHUMPUS the Conjurer (Human Conjurer)       Turns: 3468, Time: 00:11:44

HP:   -7/39 (44)    AC:  6    Str:  7    XL:     6   Next: 84%
MP:   2/11          EV: 13    Int: 20    God:    Fedhas [**....]
Gold: 139           SH:  0    Dex: 12    Spells: 6/12 levels left

rFire   . . .        (no weapon)
rCold   . . .        (no shield)
rNeg    . . .        a - +0 robe
rPois   .            (no helmet)
rElec   .            m - +0 cloak
rCorr   .            q - +2 pair of gloves
SInv    .            (no boots)
Will    .....        p - amulet of the acrobat
Stlth   ++           (no ring)
HPRegen 0.26/turn    (no ring)
MPRegen 0.12/turn

%: acrobat
@: heavily drained, invisible
A: no striking features
a: Renounce Religion, Wall of Briars


You were on level 3 of the Dungeon.
You worshipped Fedhas.
Fedhas was pleased with you.
You visited 1 branch of the dungeon, and saw 3 of its levels.

You collected 139 gold pieces.

Inventory:

Missiles
 o - 2 throwing nets
Armour
 a - a +0 robe (worn)
 m - a +0 cloak (worn)
 q - a +2 pair of gloves (worn)
Jewellery
 p - an amulet of the acrobat (around neck)
Wands
 b - a wand of charming (10)
Scrolls
 d - a scroll of torment {unknown}
 f - 3 scrolls of vulnerability {unknown}
 g - a scroll of enchant weapon {unknown}
 h - a scroll of revelation {unknown}
 i - a scroll of identify {unknown}
 j - a scroll of teleportation {unknown}
 k - a scroll of acquirement {unknown}
 l - 2 scrolls of noise {unknown}
 n - a scroll of brand weapon {unknown}
 s - a scroll of poison {unknown}
Potions
 c - 3 potions of attraction {unknown}
 e - a potion of heal wounds {unknown}
 r - a potion of invisibility


   Skills:
 + Level 2.0 Fighting
 * Level 3.7 Dodging
 - Level 2.0 Stealth
 * Level 3.6 Spellcasting
 * Level 5.2 Conjurations
 + Level 1.1 Hexes


You had 6 spell levels left.
You knew the following spells:

 Your Spells              Type           Power      Damage    Failure   Level
a - Magic Dart            Conj           96%        1d7       1%          1
b - Searing Ray           Conj           48%        2d6       2%          2
c - Dazzling Flash        Conj/Hex       32%        N/A       11%         3

Your spell library contained the following spells:

 Spells                   Type           Power      Damage    Failure   Level
 Fulminant Prism          Conj/Hex       8%         3d6       34%         4
 Iskenderun's Mystic Bla  Conj/Tloc      14%        2d5       41%         4


Dungeon Overview and Level Annotations

Branches:
Dungeon (3/15)

Altars:
Fedhas


Message History

Things that are here:
a +1 whip of flaming; a +0 ring mail You see here a +0 flail.
Casting: Searing Ray (safe; 2% risk of failure)
Confirm with . or Enter, or press ? or * to list all spells.
Aiming: Searing Ray (safe; 2% risk of failure)
Press: ? - help, Shift-Dir - straight line, f/p - wight
Aim: a wight, wielding a +5 long sword and wearing a +0 robe (moderately damaged, 79% to hit)
The searing ray hits the wight.
The wight is heavily damaged. (Press . to maintain the ray.)
The wight misses you.
The searing ray hits the wight.
The wight is severely damaged.
The wight completely misses you.
Casting: Searing Ray (safe; 2% risk of failure)
Confirm with . or Enter, or press ? or * to list all spells.
Aiming: Magic Dart (safe; 1% risk of failure)
Press: ? - help, Shift-Dir - straight line, f/p - wight
Aim: a wight, wielding a +5 long sword and wearing a +0 robe (severely damaged, 100% to hit)
The magic dart hits the wight but does no damage.
The wight is severely damaged.
The wight attacks as it pursues you! The wight completely misses you.
The wight attacks as it pursues you!
The wight hits you with a +5 long sword!
* * * LOW HITPOINT WARNING * * *
You feel drained.
* * * LOW HITPOINT WARNING * * *
Okay, then.
The wight misses you.
You feel better. The wight attacks as it pursues you!
The wight hits you with a +5 long sword!
You feel drained.
* * * LOW HITPOINT WARNING * * *
It was a potion of invisibility.
You fade into invisibility!
The wight hits you with a +5 long sword!
You die...
Fedhas appreciates your contribution to the ecosystem.

######## #....# .......# #....#
.......# #....# .......#####
#....# ...........### #....#
........##...#### #....# ####
........####....###....###..#####
............###.@z..............)
###########..######....##########
##......#....###
####..............#######
#######<.).#########...)))....##
##.......#### #.#.####....#
#..####### #.#..####.#.. ..##
##..#..###.### .## ##..###.....#


You could see a wight (unable to see you).

Vanquished Creatures
  4 wights (D:3)
  Ijyb (D:3)
  Robin (D:3)
  2 adders (D:2)
  A worm (D:2)
  A dart slug (D:1)
  4 orcs (D:3)
  4 endoplasms
  2 giant cockroaches
  13 goblins
  8 hobgoblins
  6 jackals
  2 quokkas
  4 ball pythons
  4 bats
  2 frilled lizards (D:1)
  6 rats
65 creatures vanquished.

Notes
Turn   | Place    | Note
-------+----------+-------------------------------------------
     0 | D:1      | DApurpleWHUMPUS the Human Conjurer began the quest for the
                  | Orb.
     0 | D:1      | Reached XP level 1. HP: 13/13 MP: 3/3
   138 | D:1      | Reached XP level 2. HP: 8/20 MP: 0/5
   208 | D:1      | Found a faded altar of an unknown god.
   231 | D:1      | Prayed at the altar of an unknown god.
   231 | D:1      | Became a worshipper of Fedhas Madash
   231 | D:1      | Reached * piety under Fedhas
  1200 | D:2      | Reached XP level 3. HP: 21/25 MP: 2/6
  1611 | D:2      | Reached ** piety under Fedhas
  1612 | D:2      | Reached skill level 1 in Fighting
  1612 | D:2      | Reached XP level 4. HP: 31/32 MP: 1/7
  2246 | D:3      | Noticed Ijyb
  2327 | D:2      | Learned a level 2 spell: Searing Ray
  2388 | D:3      | Killed Ijyb
  2510 | D:3      | Reached XP level 5. HP: 37/37 MP: 3/9
  2510 | D:3      | Noticed Robin
  2757 | D:2      | Learned a level 3 spell: Dazzling Flash
  2762 | D:3      | Killed Robin
  3279 | D:3      | Reached skill level 5 in Conjurations
  3279 | D:3      | Reached XP level 6. HP: 44/44 MP: 2/11
  3360 | D:3      | Reached skill level 1 in Hexes
  3468 | D:3      | Mangled by a wight

Illustrated notes

Levels and vault maps discovered:
D:1:      tarquinn_simple_flora_water_e, layout_basic,
          hellmonk_ecumenical_altar_lost_god, grunt_decor_arrowhead,
          hangedman_decor_growths
D:2:      layout_basic
D:3:      layout_rooms, st_stairs_5, uniq_robin, uniq_ijyb

Skill      XL: |  1  2  3  4  5  6 |
---------------+-------------------+-----
Fighting       | 1 2 |  2.0
Dodging        | 3 |  3.7
Spellcasting   | 3 |  3.6
Conjurations   | 5 |  5.2
Hexes          | 1 |  1.1
Stealth        | |  2.0

Action                     |  1- 3 |  4- 6 || total
---------------------------+-------+-------++-------
  Melee: Unarmed           |    56 |    15 ||    71
         Punch             |     1 |       ||     1
   Cast: Magic Dart        |    65 |    66 ||   131
         Searing Ray       |       |    14 ||    14
    Use: Potion            |       |     8 ||     8
 Armour: Robe              |    47 |    55 ||   102
  Dodge: Dodged            |    70 |    48 ||   118

Table legend: (Time is in decaauts)
 A = Elapsed time spent in this place.
 B = Non-inter-level travel time spent in this place.
 C = Inter-level travel time spent in this place.
 D = Time resting spent in this place.
 E = Time spent auto-exploring this place.
 F = Levels seen in this place.
 G = Mean time per level.
                   A        B        C        D        E       F      G
               +--------+--------+--------+--------+--------+-----+--------+
         Total |   3469 |   3417 |     52 |    495 |   2282 |   3 | 1156.3 |
       Dungeon |   3469 |   3417 |     52 |    495 |   2282 |   3 | 1156.3 |
               +--------+--------+--------+--------+--------+-----+--------+

Top non-repeatable levels by time:
     D:2: 1202 daAuts
     D:1: 1135 daAuts
     D:3: 1131 daAuts
